 Dungeon Crawl Stone Soup version 0.28-a0-1506-g3893175d92 (webtiles) character file.

Game seed: 1704097529364460122

64 murtidash the Skirmisher (level 4, -2/61 HPs)
             Began as a Hill Orc Delver on Jan 13, 2022.
             Killed from afar by a white imp (6 damage)
             ... with a puff of frost
             ... summoned by Natasha
             ... on level 3 of the Dungeon.
             The game lasted 00:03:07 (2530 turns).

murtidash the Skirmisher (Hill Orc Delver)          Turns: 2530, Time: 00:03:08

Health: -2/61      AC:  5    Str: 16    XL:     4   Next: 12%
Magic:  4/4        EV: 10    Int: 10    God:
Gold:   160        SH:  0    Dex: 12    Spells: 3/3 levels left

rFire   . . .      SeeInvis .   a - +0 hand axe
rCold   . . .      Faith    .   (no shield)
rNeg    . . .      Spirit   .   k - +0 ring mail
rPois   .          Reflect  .   (no helmet)
rElec   .          Harm     .   (no cloak)
rCorr   .          Rampage  .   (no gloves)
Will    .....                   (no boots)
Stlth   ..........              (no amulet)
HPRegen 0.20/turn               (no ring)
MPRegen 0.09/turn               (no ring)

@: brilliant, berserking, very quick
A: no striking features
a: no special abilities


You were on level 3 of the Dungeon.
You visited 1 branch of the dungeon, and saw 5 of its levels.

You collected 160 gold pieces.

Inventory:

Hand Weapons
 a - a +0 hand axe (weapon)
 j - a +0 short sword
   (You took it off a kobold on level 2 of the Dungeon)
 n - a +2 dagger of draining
   (You took it off a goblin on level 1 of the Dungeon)
Armour
 b - a +0 leather armour
 h - a +0 ring mail
   (You found it on level 5 of the Dungeon)
 k - a +0 ring mail (worn)
   (You found it on level 2 of the Dungeon)
Jewellery
 l - a +6 ring of dexterity
   (You found it on level 1 of the Dungeon)
Wands
 g - a wand of digging (9)
 u - a wand of acid (15)
   (You found it on level 3 of the Dungeon)
Scrolls
 c - a scroll of fog
 d - a scroll of magic mapping {!r}
 e - a scroll of fear
 i - 2 scrolls of enchant armour {unknown}
 o - a scroll of acquirement {unknown}
 p - a scroll of holy word {unknown}
 r - 3 scrolls of teleportation {unknown}
 s - a scroll of enchant weapon {unknown}
Potions
 f - a potion of haste
 m - a potion of lignification {unknown}
 t - a potion of attraction {unknown}


   Skills:
 + Level 4.4 Fighting
 + Level 3.9 Axes
 + Level 2.1 Armour
 - Level 1.5 Dodging
 - Level 4.1 Stealth


You had 3 spell levels left.
You didn't know any spells.
Your spell library contained the following spells:

 Spells                   Type           Power      Damage    Failure   Level
 Blink                    Tloc           0%         N/A       71%         2
 Manifold Assault         Tloc           0%         N/A       100%        5
 Storm Form               Tmut/Air       0%         N/A       100%        7


Dungeon Overview and Level Annotations

Branches:
Dungeon (5/15)
 Temple: D:4-7

Altars:

Annotations:
D:3 Natasha


Message History

No target in view!
No target in view!
v - a cyan potion You see here a +0 club.
An endoplasm comes into view.
You see here 9 gold pieces.
The endoplasm freezes you.
You are frozen.
You take 4 damage, and have 37/41 hp.
You slash the endoplasm!
You kill the endoplasm!
No target in view!
No target in view!
No target in view!
No target in view!
No target in view!
No target in view!
No target in view!
No target in view!
No target in view!
No target in view!
No target in view!
No target in view!
No target in view!
You now have 145 gold pieces (gained 9).
You now have 150 gold pieces (gained 5).
w - a fuming blue potion Health restored: 41 You now have 160 gold pieces (gained 10).
Found an escape hatch in the floor.
i - 2 scrolls labelled MOBASA RAKHATA (gained 1) Natasha, Servant of Life and Death comes into view.
No reachable target in view!
No reachable target in view!
No reachable target in view!
No reachable target in view!
No reachable target in view!
No reachable target in view!
No reachable target in view!
No reachable target in view!
No reachable target in view!
No reachable target in view!
No reachable target in view!
No reachable target in view!
Natasha casts a spell.
You hit Natasha. Natasha misses you.
You hit Natasha.
The iron imp grinds its teeth.
Natasha mumbles some strange words.
You barely miss Natasha. Natasha claws you but does no damage.
You closely miss Natasha.
Natasha mumbles some strange words.
You hit Natasha but do no damage. You hit the white imp but do no damage.
Natasha claws you but does no damage.
The white imp hits you but does no damage.
You hit Natasha but do no damage. You hit the white imp.
Natasha casts a spell at you. You resist with some effort.
The white imp gestures at you. The puff of frost hits you.
Natasha barely misses you.
You take 6 damage, and have 35/41 hp.
You barely miss Natasha. You barely miss the white imp.
The white imp puffs mist at you. The white imp gestures at you.
The puff of frost hits you! Natasha claws you but does no damage.
You take 8 damage, and have 27/41 hp.
You barely miss Natasha. You hit the white imp.
The white imp closely misses you. Natasha casts a spell at you.
The magic dart hits you.
You take 3 damage, and have 24/41 hp.
You hit Natasha but do no damage. You barely miss the white imp.
The white imp hits you but does no damage.
Natasha claws you.
You take 6 damage, and have 18/41 hp.
You barely miss Natasha. You hit the white imp but do no damage.
The white imp gestures at you. The puff of frost hits you!
* * * LOW HITPOINT WARNING * * *
Natasha claws you.
* * * LOW HITPOINT WARNING * * *
You take 9 damage, and have 9/41 hp.
MASSIVE DAMAGE!!
It was a potion of brilliance.
You feel clever all of a sudden. The white imp gestures at you.
The puff of frost hits you.
* * * LOW HITPOINT WARNING * * *
Natasha claws you but does no damage.
You take 6 damage, and have 3/41 hp.
It was a potion of magic.
Magic courses through your body. The white imp barely misses you.
Natasha claws you.
* * * LOW HITPOINT WARNING * * *
You take 1 damage, and have 2/41 hp.
It was a potion of berserk rage.
A red film seems to cover your vision as you go berserk!
You feel yourself moving faster!
You feel mighty!
The iron imp disappears in a puff of smoke!
The white imp gestures at you. The puff of frost hits you.
You die...

###.#.#.#.#.######..
#.#.#.#.#.# #.#
#.#.#.#.#.# #.#
#.#.#.#.#.## ###.#
#.#........###....
#.#.........#.....
#.#.........#.....
#5#.........#.....
#@#.........#.....
#h#.........#.....
#5#.#.#.....#.....
#ยง#.#.#######.....
#.# ....... #.#
####### #.. ###


You could see an iron imp (summoned), Natasha and a white imp (summoned).

Vanquished Creatures
  2 adders
  2 dart slugs
  An orc (D:3)
  3 bats
  6 endoplasms
  2 giant cockroaches
  3 hobgoblins
  A jackal (D:3)
  4 ball pythons
  3 frilled lizards (D:3)
  6 goblins
  3 kobolds (D:2)
  3 rats
39 creatures vanquished.

Notes
Turn   | Place    | Note
-------+----------+-------------------------------------------
     0 | D:5      | murtidash the Hill Orc Delver began the quest for the Orb.
     0 | D:5      | Reached XP level 1. HP: 19/19 MP: 1/1
     3 | D:5      | Noticed an ice beast
    25 | D:4      | Noticed a sky beast
    55 | D:4      | Noticed a jelly
   269 | D:1      | Reached skill level 3 in Axes
   269 | D:1      | Reached XP level 2. HP: 21/27 MP: 2/2
   440 | D:1      | Reached skill level 1 in Armour
   829 | D:1      | Reached skill level 4 in Fighting
  1021 | D:2      | Reached XP level 3. HP: 16/30 MP: 3/3
  1985 | D:3      | Reached skill level 2 in Armour
  2202 | D:3      | Reached XP level 4. HP: 37/41 MP: 4/4
  2514 | D:3      | Noticed Natasha
  2528 | D:3      | HP: 3/41 [white imp/puff of frost[Natasha] (6)]
  2530 | D:3      | Killed from afar by a white imp

Illustrated notes

Levels and vault maps discovered:
D:1:      lightli_arrival_chessboard, layout_rooms, nrook_uturn
D:2:      layout_basic
D:3:      layout_basic, serial_park_tiny_pond, minmay_fractal_squares_5,
          uniq_natasha
D:4:      layout_gridville, nicolae_overflow_crystal_walls,
          okawaru_ov_weapons_minmay, chequers_temple_overflow_minitemple,
          minmay_temple_entry_overgrown
D:5:      layout_rooms, nzn_wu_jian_council_hall

Skill      XL: |  1  2  3 |
---------------+----------+-----
Axes           | 3 |  3.9
Armour         | 1 2 |  2.1
Fighting       | 4 |  4.4
Dodging        | |  1.5
Stealth        | |  4.1

Action                   |  1- 3 |  4- 6 || total
-------------------------+-------+-------++-------
Melee: Hand axe          |   103 |    24 ||   127
       Punch             |     2 |     1 ||     3
  Use: Potion            |       |     3 ||     3
 Stab: Sleeping          |     5 |       ||     5
Armor: Ring mail         |    43 |     8 ||    51
       Leather armour    |     1 |       ||     1
Dodge: Dodged            |    57 |    10 ||    67

Table legend: (Time is in decaauts)
 A = Elapsed time spent in this place.
 B = Non-inter-level travel time spent in this place.
 C = Inter-level travel time spent in this place.
 D = Time resting spent in this place.
 E = Time spent auto-exploring this place.
 F = Levels seen in this place.
 G = Mean time per level.
                   A        B        C        D        E       F      G
               +--------+--------+--------+--------+--------+-----+--------+
         Total |   2547 |   2497 |     50 |    156 |   1888 |   5 |  509.4 |
       Dungeon |   2547 |   2497 |     50 |    156 |   1888 |   5 |  509.4 |
               +--------+--------+--------+--------+--------+-----+--------+

Top non-repeatable levels by time:
     D:2: 977 daAuts
     D:3: 771 daAuts
     D:1: 699 daAuts
     D:4: 80 daAuts
     D:5: 18 daAuts

Table legend:
 A = Kills in this place as a percentage of kills in entire the game.
 B = Kills by you in this place as a percentage of kills by you in the entire game.
 C = Kills by friends in this place as a percentage of kills by friends in the entire game.
 D = Other kills in this place as a percentage of other kills in the entire game.
 E = Experience gained in this place as a percentage of experience gained in the entire game.
 F = Experience gained in this place divided by the number of levels of this place that you have seen.
                   A       B       C       D       E      F
               +-------+-------+-------+-------+-------+----------------------
         Total | 100.0 | 100.0 |   N/A |   N/A | 100.0 |  18.4
       Dungeon | 100.0 | 100.0 |   N/A |   N/A | 100.0 |  18.4
               +-------+-------+-------+-------+-------+----------------------
